 Dungeon Crawl Stone Soup version 0.28-a0-1159-g27aa881441 (webtiles) character file.

Game seed: 17832122971840915401

85697 bearlyready the Brawler (level 15, -2/139 HPs)
             Began as a Ghoul Gladiator on Dec 15, 2021.
             Was the Champion of Makhleb.
             Slain by a freezing wraith (9 damage)
             ... led by a death knight
             ... on level 15 of the Dungeon.
             The game lasted 00:43:27 (25116 turns).

bearlyready the Brawler (Ghoul Gladiator)          Turns: 25116, Time: 00:43:27

Health: -2/139     AC: 22    Str: 38    XL:     15   Next: 84%
Magic:  23/23      EV: 14    Int:  3    God:    Makhleb [******]
Gold:   907        SH:  8    Dex: 17    Spells: 14/14 levels left

rFire   . . .      SeeInvis .     - Unarmed
rCold   + + .      Faith    .   K - +2 buckler {rC+}
rNeg    + + +      Spirit   .   p - +4 ring mail "Paehidghi" {rPois Str+6}
rPois   ∞          Reflect  .   W - +2 hat {Stlth+}
rElec   .          Harm     +   P - +3 cloak "Fenigodd" {Harm Dex+7}
rCorr   .          Rampage  .   (no gloves)
Will    +....                   L - +0 pair of boots
Stlth   ++........              y - amulet of the acrobat
HPRegen 0.00/turn               q - +4 ring of protection
MPRegen 0.18/turn               T - +6 ring of strength

@: about to teleport, inhibited regen, slowed, studying Bows, very slow
A: claws 1, cold resistance 1, negative energy resistance 3, inhibited
regeneration, torment resistance 2
a: Renounce Religion, Minor Destruction, Lesser Servant of Makhleb, Major
Destruction, Greater Servant of Makhleb


You were on level 15 of the Dungeon.
You worshipped Makhleb.
Makhleb was exalted by your worship.
You visited 3 branches of the dungeon, and saw 22 of its levels.
You also visited: Sewer, Bailey and Ice Cave.

You collected 1386 gold pieces.
You spent 479 gold pieces at shops.

Inventory:

Missiles
 a - 59 boomerangs
 c - 3 throwing nets (quivered)
 s - 2 boomerangs of dispersal
 t - 99 poisoned darts
 w - 6 javelins
 E - 4 curare-tipped darts
Armour
 p - the +4 ring mail "Paehidghi" (worn) {rPois Str+6}
   (You found it on level 4 of the Dungeon)

   Str:       It affects your strength (+6).
   rPois:     It protects you from poison.
 K - a +2 buckler of cold resistance (worn)
 L - a +0 pair of boots (worn)
 P - the +3 cloak "Fenigodd" (worn) {Harm Dex+7}
   (You found it on level 5 of the Lair of Beasts)

   Dex:       It affects your dexterity (+7).
   Harm:      It increases damage dealt and taken.
 U - a +0 kite shield
 W - a +2 hat of stealth (worn)
Jewellery
 d - a ring of flight
 n - a ring of resist corrosion
 q - a +4 ring of protection (left claw)
 y - an amulet of the acrobat (around neck)
 Q - a ring of protection from cold
 R - a ring of protection from fire
 T - a +6 ring of strength (right claw)
 X - a ring of see invisible
Wands
 b - a wand of digging (8)
 B - a wand of charming (2)
 F - a wand of iceblast (18)
 J - a wand of mindburst (10)
 S - a wand of paralysis (2)
 V - a wand of flame (13)
Scrolls
 e - 5 scrolls of blinking
 f - 2 scrolls of summoning
 h - 3 scrolls of teleportation
 k - 3 scrolls of fear
 u - 4 scrolls of enchant armour
 v - 4 scrolls of vulnerability
 A - 3 scrolls of magic mapping
 C - a scroll of torment
 G - a scroll of fog
 I - 4 scrolls of amnesia
 M - 4 scrolls of immolation
 O - a scroll of silence
Potions
 g - 5 potions of curing
 i - 4 potions of invisibility
 j - 2 potions of lignification
 l - 3 potions of attraction
 m - 3 potions of might
 o - 7 potions of haste
 r - 5 potions of flight
 x - 4 potions of magic
 z - 7 potions of heal wounds
 D - a potion of cancellation
 H - 3 potions of brilliance
 N - 2 potions of resistance
 Y - a potion of ambrosia
Miscellaneous
 Z - a condenser vane (inert)


   Skills:
 + Level 14.5 Fighting
 - Level 6.0 Throwing
 + Level 7.1 Armour
 - Level 5.0 Dodging
 + Level 7.2 Shields
 + Level 17.9 Unarmed Combat
 + Level 12.1 Invocations
 - Level 6.0 Evocations


You had 14 spell levels left.
You didn't know any spells.
Your spell library contained the following spells:

 Spells                   Type           Power      Damage    Failure   Level
 Slow                     Hex            0%         N/A       61%         1
 Blink                    Tloc           0%         N/A       75%         2
 Ensorcelled Hibernation  Hex/Ice        0%         N/A       75%         2
 Confusing Touch          Hex            0%         N/A       93%         3
 Gell's Gravitas          Tloc           0%         N/A       93%         3
 Lesser Beckoning         Tloc           0%         N/A       93%         3
 Portal Projectile        Hex/Tloc       0%         N/A       93%         3
 Teleport Other           Tloc           0%         N/A       93%         3
 Tukima's Dance           Hex            0%         N/A       93%         3
 Animate Dead             Necr           0%         N/A       100%        4
 Borgnjor's Vile Clutch   Necr/Erth      0%         N/A       100%        5
 Excruciating Wounds      Necr           0%         N/A       100%        5
 Manifold Assault         Tloc           0%         N/A       100%        5
 Yara's Violent Unravell  Hex/Tmut       0%         3d3       100%        5
 Death Channel            Necr           0%         N/A       100%        6
 Malign Gateway           Summ/Tloc      0%         N/A       100%        7
 Summon Horrible Things   Summ           0%         N/A       100%        8
 Spider Form              Tmut/Pois      Unusable   N/A       N/A         3
 Blade Hands              Tmut           Unusable   N/A       N/A         5

Dungeon Overview and Level Annotations

Branches:
Dungeon (15/15)            Temple (0/1) D:5            Lair (6/6) D:9
 Shoals (0/4) Lair:2        Snake (0/4) Lair:3        Slime (1/5) Lair:5
    Orc (0/2) D:9          Vaults (0/5) D:13         Depths (0/4) D:15
  Sewer (visited)          Bailey (visited)           IceCv (visited)

Altars:
Elyvilon
Makhleb
Okawaru
Ru
Uskayaw
Vehumet
Wu Jian
Xom
Jiyva

Shops:
D:4 ?   D:5 (   D:8 *((   D:10 =!   D:12 *

Annotations:
Lair:4 2 runed translucent doors, ducksouse's ghost, journeyman MiFi


Innate Abilities, Weirdness & Mutations

You thrive by killing the living.
You are immune to poison.
You have sharp fingernails.
Your flesh is cold resistant. (rC+)
You are immune to negative energy. (rN+++)
You do not regenerate when monsters are visible.
You are immune to unholy pain and torment.


Message History

The freezing wraith hits you. The centaur warrior closely misses you.
You block the centaur warrior's attack. The centaur misses you. x2
You scratch the freezing wraith but do no damage.
The freezing wraith is severely damaged.
The centaur warrior hits you! The centaur warrior closely misses you.
The skeletal warrior hits you from afar with a +0 halberd!
The centaur barely misses you. You block the centaur's attack.
The freezing wraith hits you! The freezing wraith freezes you! You resist.
The freezing wraith barely misses you. You block the centaur warrior's attack.
The centaur warrior kicks you but does no damage.
The skeletal warrior hits you but does no damage.
You are too injured to fight recklessly!
You are too injured to fight recklessly!
You are too injured to fight recklessly!
You are too injured to fight recklessly!
You are too injured to fight recklessly!
You are too injured to fight recklessly!
You are too injured to fight recklessly!
You are too injured to fight recklessly!
You are too injured to fight recklessly!
Okay, then.
As you read the scroll of fear, it crumbles to dust.
You assume a fearsome visage.
The skeletal warrior is unaffected.
The iron dragon zombie is unaffected.
The hell knight skeleton is unaffected.
The centaur looks frightened! x2
The death knight resists with almost no effort.
The freezing wraith is unaffected.
The centaur warrior looks frightened!
The skeletal warrior is unaffected.
The freezing wraith barely misses you.
The freezing wraith hits you but does no damage.
The skeletal warrior hits you from afar with a +0 halberd!
You block the freezing wraith's attack. The freezing wraith barely misses you.
As you read the scroll of teleportation, it crumbles to dust.
You feel strangely unstable.
Cornered, the centaur turns to fight!
The death knight hits you with a +0 great mace!!
* * * LOW HITPOINT WARNING * * *
The skeletal warrior hits you from afar with a +0 halberd!!
* * * LOW HITPOINT WARNING * * *
The freezing wraith hits you but does no damage.
The freezing wraith hits you!
You die...

### ##@## ##Wp.##
#..zz.#.#
#...cc#.#
###.###.# ### #Z#
#.###
....###c###...####
#....Z..........
###...........#


You could see a death knight, 2 skeletal warriors, a centaur warrior (fleeing),
a freezing wraith, 2 centaurs, an iron dragon zombie and a hell knight skeleton.

Vanquished Creatures
  Gastronok (D:10)
  An azure jelly (D:15)
  Azrael (D:13)
  2 blizzard demons (IceCv)
  Snorg (D:10)
  2 rakshasas (D:14)
  6 hydras
  5 vault guards (D:13)
  2 boulder beetles
  Fannar (D:10)
  A caustic shrike simulacrum (IceCv)
  Harold (D:7)
  A catoblepas (D:14)
  3 centaur warriors (D:14)
  5 two-headed ogres
  6 skeletal warriors (D:14)
  A bog body (IceCv)
  An obsidian statue (IceCv)
  A phantasmal warrior (D:15)
  6 spriggan simulacra (IceCv)
  Pikel (D:6)
  A necromancer (D:15)
  An orc knight (Bailey)
  A deep elf pyromancer (D:14)
  The ghost of KennySheep the Destroyer, a novice DEEE of Gozag (D:8)
  A frost giant zombie (D:15)
  6 ugly things
  2 cyclopes (D:14)
  A manticore (D:12)
  3 elephants (Lair:6)
  2 black mambas (Lair:6)
  A merfolk siren (Lair:2)
  An unseen horror (D:12)
  24 cane toads
  5 freezing wraiths
  An anaconda simulacrum (IceCv)
  4 rime drakes
  11 komodo dragons
  A golden dragon simulacrum (IceCv)
  5 entropy weaver simulacra (IceCv)
  A tengu conjurer (D:14)
  7 ice devils (IceCv)
  A guardian mummy (D:15)
  3 trolls
  9 slime creatures
  4 tyrant leeches
  21 blink frogs
  6 dream sheep (Lair:6)
  A meliai zombie (D:11)
  2 dire elephant simulacra (IceCv)
  A vampire (D:11)
  2 shadows
  6 wraiths
  48 yaks
  4 wyverns
  5 humans (D:13)
  3 basilisks
  Grum (D:10)
  2 steam dragons (D:10)
  10 minotaur simulacra (IceCv)
  17 vampire mosquitoes
  3 fire elementals (D:13)
  Edmund (D:5)
  A harpy simulacrum (IceCv)
  2 acid dragons
  The ghost of ducksouse the Conjurer, an amateur OpCj (D:3)
  4 hell hounds (D:13)
  14 water moccasins
  4 sky beasts
  An ettin simulacrum (IceCv)
  A meliai simulacrum (D:14)
  5 orc warriors
  5 black bears
  5 ogres
  2 alligator simulacra (IceCv)
  20 wolves
  8 centaurs
  A lemure (D:5)
  2 kobold brigands (D:9)
  17 bullfrogs
  A gnoll sergeant (D:9)
  A wyvern zombie (D:9)
  5 deep troll simulacra (IceCv)
  2 scorpions
  A water moccasin zombie (D:6)
  A lindwurm simulacrum (IceCv)
  10 killer bees
  4 electric eels
  A lava snake (D:9)
  4 centaur zombies
  2 hounds
  4 quasits (D:8)
  5 orc priests
  2 jellies
  A centaur skeleton (D:7)
  2 iguanas
  Ijyb (D:5)
  A bullfrog skeleton (D:6)
  11 orc wizards
  10 gnolls
  9 adders
  A howler monkey skeleton (D:5)
  6 river rats (Sewer)
  3 shadow imps
  A white imp (D:5)
  3 ufetubi
  An adder skeleton (D:2)
  3 dart slugs
  39 orcs
  5 bats
  4 endoplasms (D:2)
  5 giant cockroaches
  9 goblins
  8 hobgoblins
  4 jackals (D:1)
  4 quokkas
  11 ball pythons
  5 frilled lizards
  39 kobolds
  30 rats
631 creatures vanquished.

Vanquished Creatures (others)
  2 humans (D:13)
  A quasit (D:8)
  25 fungi
  84 plants
  14 withered plants (D:15)
126 creatures vanquished.

Grand Total: 757 creatures vanquished

Notes
Turn   | Place    | Note
-------+----------+-------------------------------------------
     0 | D:1      | bearlyready the Ghoul Gladiator began the quest for the
                  | Orb.
     0 | D:1      | Reached XP level 1. HP: 17/17 MP: 0/0
    68 | D:1      | Reached XP level 2. HP: 24/24 MP: 1/1
    79 | D:1      | Reached skill level 4 in Unarmed Combat
   330 | D:1      | Reached XP level 3. HP: 23/29 MP: 2/2
   978 | D:2      | Reached skill level 5 in Unarmed Combat
  1208 | D:2      | Found a faded altar of an unknown god.
  1289 | D:2      | Reached XP level 4. HP: 34/36 MP: 3/3
  1814 | D:3      | Found a transporter.
  1817 | D:3      | Noticed ducksouse's ghost (amateur OpCj)
  1819 | D:3      | Found a transporter.
  1819 | D:3      | Noticed a scorpion
  2061 | D:3      | Noticed an ogre
  2076 | D:3      | Killed an ogre
  2077 | D:3      | Reached skill level 6 in Unarmed Combat
  2077 | D:3      | Reached XP level 5. HP: 41/41 MP: 4/4
  2323 | D:3      | Found a burning altar of Makhleb.
  2466 | D:3      | Became a worshipper of Makhleb the Destroyer
  2545 | D:4      | Reached skill level 7 in Unarmed Combat
  2545 | D:4      | Reached XP level 6. HP: 48/48 MP: 5/5
  2559 | D:4      | Found a glowing drain.
  2563 | Sewer    | Entered a sewer
  2782 | Sewer    | Reached * piety under Makhleb
  3380 | D:4      | Found a shimmering altar of Xom.
  3734 | D:4      | Reached XP level 7. HP: 55/55 MP: 6/6
  3759 | D:4      | Reached skill level 8 in Unarmed Combat
  3865 | D:4      | Found Gics's Magic Scroll Boutique.
  3871 | D:4      | Bought a scroll of teleportation for 36 gold pieces
  3871 | D:4      | Bought a scroll of blinking for 90 gold pieces
  3942 | D:4      | Reached ** piety under Makhleb
  4068 | D:5      | Entered Level 5 of the Dungeon
  4187 | D:5      | Reached skill level 9 in Unarmed Combat
  4235 | D:4      | Identified the +4 ring mail "Paehidghi" {rPois Str+6}
  4418 | D:5      | Found Qoont's Hydra Hut.
  4421 | D:5      | Noticed an eight-headed hydra
  4475 | D:5      | Found a staircase to the Ecumenical Temple.
  4504 | D:5      | Identified the +0 ring mail "Qeceliaj" {Harm rC++ Regen+
                  | Int+2}
  4528 | D:5      | Reached XP level 8. HP: 62/62 MP: 7/7
  4568 | D:5      | Reached skill level 10 in Unarmed Combat
  4884 | D:5      | Noticed Edmund
  4895 | D:5      | Killed Edmund
  4896 | D:5      | Reached skill level 11 in Unarmed Combat
  4964 | D:5      | Noticed Ijyb
  4972 | D:5      | Killed Ijyb
  5401 | D:6      | Reached skill level 1 in Invocations
  5539 | D:6      | Noticed Pikel
  5806 | D:6      | Killed Pikel
  5807 | D:6      | Reached XP level 9. HP: 72/72 MP: 8/10
  5934 | D:6      | Reached skill level 12 in Unarmed Combat
  6311 | D:6      | Reached skill level 5 in Fighting
  6315 | D:6      | Reached *** piety under Makhleb
  6693 | D:7      | Reached skill level 5 in Invocations
  7322 | D:7      | Reached XP level 10. HP: 83/83 MP: 13/13
  7419 | D:7      | Noticed Harold
  7429 | D:7      | Killed Harold
  7578 | D:7      | Reached skill level 13 in Unarmed Combat
  7771 | D:8      | Found a transporter.
  7778 | D:8      | Noticed KennySheep's ghost (novice DEEE)
  7833 | D:8      | Found a sacrificial altar of Ru.
  7959 | D:8      | Found a transporter.
  7968 | D:8      | Found Wiahie's Antique Weapon Boutique.
  8091 | D:8      | Found an iron altar of Okawaru.
  8098 | D:8      | Identified the +2 mace of Femmoh {spect, Fly}
  8124 | D:8      | Found Zicwekh's General Store.
  8217 | D:8      | Found Bisaicin's Weapon Boutique.
  8559 | D:9      | Found a staircase to the Lair.
  8699 | D:9      | Found a hide-covered altar of Uskayaw.
  8818 | D:9      | Reached **** piety under Makhleb
  8928 | D:9      | Found a staircase to the Orcish Mines.
  8989 | D:9      | Reached XP level 11. HP: 94/94 MP: 15/15
  9095 | D:9      | Noticed a two-headed ogre
  9470 | D:9      | Killed a two-headed ogre
  9471 | D:9      | Reached skill level 5 in Throwing
  9637 | D:10     | Entered Level 10 of the Dungeon
  9643 | D:10     | Noticed Gastronok
  9657 | D:10     | Killed Gastronok
  9658 | D:10     | Reached skill level 14 in Unarmed Combat
  9796 | D:10     | Found Goshra's Jewellery Shop.
  9807 | D:10     | Noticed Fannar
  9817 | D:10     | Killed Fannar
  9850 | D:10     | Found Xezasom's Distillery.
  9864 | D:10     | Bought a potion of heal wounds for 55 gold pieces
  9864 | D:10     | Bought a potion of heal wounds for 55 gold pieces
  9864 | D:10     | Bought a potion of curing for 33 gold pieces
  9963 | D:10     | Noticed a two-headed ogre
  9969 | D:10     | Killed a two-headed ogre
  9994 | D:10     | Noticed Snorg
 10026 | D:10     | Killed Snorg
 10027 | D:10     | Reached skill level 10 in Fighting
 10276 | D:10     | Noticed Grum
 10282 | D:10     | Killed Grum
 10649 | D:11     | Reached skill level 15 in Unarmed Combat
 10660 | D:11     | Reached XP level 12. HP: 90/108 MP: 16/16
 10794 | D:11     | Found a flagged portal.
 10817 | Bailey   | Entered a bailey
 10883 | Bailey   | Reached ***** piety under Makhleb
 10952 | Bailey   | Found a burning altar of Makhleb.
 11131 | D:11     | Reached skill level 1 in Evocations
 11361 | D:11     | Identified the amulet of Spite {Faith *Slow rN+ Regen+
                  | SInv}
 11768 | D:12     | Noticed a six-headed hydra
 11941 | D:12     | Noticed a four-headed hydra
 11968 | D:12     | Killed a four-headed hydra
 12450 | D:13     | Noticed Azrael
 12477 | D:13     | Killed Azrael
 12503 | D:13     | Noticed a vault guard
 12517 | D:13     | Killed a vault guard
 12719 | D:13     | Noticed a vault guard
 12728 | D:13     | Killed a vault guard
 12773 | D:13     | Noticed a vault guard
 12822 | D:13     | Noticed a two-headed ogre
 13062 | D:12     | Found Vyemaoj's General Store.
 13067 | D:12     | Bought a potion of haste for 140 gold pieces
 13067 | D:12     | Bought a potion of heal wounds for 70 gold pieces
 13500 | Lair:1   | Entered Level 1 of the Lair of Beasts
 13513 | Lair:1   | Reached XP level 13. HP: 117/117 MP: 18/18
 13688 | Lair:1   | Reached skill level 5 in Dodging
 13706 | Lair:1   | Reached skill level 16 in Unarmed Combat
 14554 | Lair:2   | Reached skill level 1 in Armour
 14780 | Lair:2   | Reached skill level 1 in Shields
 15712 | Lair:2   | Found a staircase to the Shoals.
 15816 | Lair:3   | Found a staircase to the Snake Pit.
 17786 | Lair:4   | Identified the +1 robe of the Valley {rN++ Int-2 Dex+4
                  | Stlth+}
 18222 | Lair:4   | Found a large runed translucent door.
 18222 | Lair:4   | Found a large runed translucent door.
 18474 | Lair:4   | Noticed ducksouse's ghost (journeyman MiFi)
 18588 | Lair:5   | Found a staircase to the Slime Pits.
 18607 | Lair:5   | Reached skill level 5 in Evocations
 18864 | Lair:5   | Reached ****** piety under Makhleb
 18942 | Lair:5   | Found a viscous altar of Jiyva.
 19133 | Lair:5   | Found a radiant altar of Vehumet.
 19380 | Lair:5   | Identified the +3 cloak "Fenigodd" {Harm Dex+7}
 19416 | Slime:1  | Entered Level 1 of the Pits of Slime
 19416 | Slime:1  | Noticed a great orb of eyes
 19430 | Lair:6   | Entered Level 6 of the Lair of Beasts
 19494 | Lair:6   | Reached XP level 14. HP: 118/127 MP: 20/20
 19589 | Lair:6   | Reached skill level 10 in Invocations
 19974 | Lair:6   | Identified the +3 quarterstaff of Mandamus {flame, rElec
                  | Int+4 Dex+4 SInv}
 20666 | Lair:6   | Found an ornate altar of the Wu Jian Council.
 20667 | Lair:6   | Found a hide-covered altar of Uskayaw.
 20694 | Lair:6   | Reached skill level 17 in Unarmed Combat
 20725 | Lair:6   | Reached skill level 5 in Shields
 20829 | Lair:6   | Reached skill level 5 in Armour
 21355 | D:3      | Killed ducksouse's ghost
 21485 | D:8      | Killed KennySheep's ghost
 21637 | D:13     | Found a gate to the Vaults.
 22579 | D:14     | Reached XP level 15. HP: 137/137 MP: 22/22
 23223 | D:15     | Entered Level 15 of the Dungeon
 23223 | D:15     | Found a staircase to the Depths.
 23253 | D:15     | Noticed an azure jelly
 23265 | D:15     | Killed an azure jelly
 23783 | D:15     | Found a frozen archway.
 23792 | IceCv    | Entered an ice cave
 25089 | IceCv    | Identified the ring of the Lotus Blossom {Contam rElec
                  | rPois Str+4 Int+6}
 25116 | D:15     | Slain by a freezing wraith

Illustrated notes

Levels and vault maps discovered:
D:1:      dpeg_arrival_ratfight, layout_basic
D:2:      layout_loops_cross, ebering_ecumenical_altar_hall
D:3:      layout_loops_corners, lightli_temple_of_fire, gammafunk_ghost_arena
D:4:      layout_rooms, overflow_temple_1_default, gup_sewer_entry_bowl,
          serial_shops, nicolae_shop_crystal, minmay_misc_feat_doors
D:5:      cheibrodos_fzero, layout_loops_corners, minmay_temple_entry_grid,
          doesnt_shop_hydraphobe, uniq_ijyb, uniq_edmund
D:6:      layout_loops_corners, grunt_decor_one_mirror, uniq_pikel
D:7:      layout_loops_corners, nicolae_elyvilon_temple_path, uniq_harold
D:8:      layout_loops_ring, mainiacjoe_overflow_paths,
          okawaru_ov_weapons_minmay, serial_shops, nicolae_shop_hallway_plus,
          nicolae_shop_trees, nicolae_lakefront_shop, gammafunk_ghost_stat_death
D:9:      layout_rooms, nicolae_uskayaw_suspiria, dpeg_oklobed_lair
D:10:     layout_roguey, serial_shops, nicolae_shop_behind_doors,
          nicolae_shop_window_shopping, hangedman_misty_isle, uniq_grum,
          uniq_gastronok, uniq_snorg, uniq_fannar
D:11:     layout_roguey, serial_aquarium, aquarium_bridge_long_separate
          [aquarium_subvault_window, aquarium_subvault_balcony,
          aquarium_subvault_bridge, aquarium_subvault_bridge,
          aquarium_subvault_bridge, aquarium_subvault_window],
          aquarium_window_fake, aquarium_window_fake, aquarium_window_1,
          aquarium_view_2e, aquarium_balcony_5b, enter_bailey_5, feat_on_display
D:12:     layout_long_grid, serial_shops, kennysheep_little_box
D:13:     layout_basic, ximxim_vaults_locker_room, uniq_azrael
D:14:     layout_loops_ring
D:15:     gammafunk_depths_entry_grave, layout_loops_ring,
          portal_ice_cave_entry_frozen_things, minmay_crystal_room
Lair:1:   layout_cave_shapes, amcnicky_mini_pool_medium, grunt_megastairs_1,
          lemuel_fruit_tree
Lair:2:   layout_long_grid, elwin_shoals_entry_rooms, serial_bayou_crossing
Lair:3:   layout_cellular_growth, dummy_snake_entry
Lair:4:   layout_loops_ring, ebering_ghost_disaster_area
Lair:5:   layout_roguey, slime_altar_1, basic_altar
Lair:6:   minmay_lair_end_frog_pond, layout_gridlike, st_stairs_4,
          nzn_masters_of_martial_movement
Slime:1:  layout_caves

Skill      XL: |  1  2  3  4  5  6  7  8  9 10 11 12 13 14 15 |
---------------+----------------------------------------------+-----
Unarmed Combat | 4 5 6 7 9 11 12 13 15 16 17 | 17.9
Throwing       | 3 4 6 |  6.0
Invocations    | 3 5 7 8 9 11 12 | 12.1
Fighting       | 4 6 8 10 11 12 13 14 | 14.5
Dodging        | 4 5 |  5.0
Evocations     | 3 5 6 |  6.0
Armour         | 3 5 7 |  7.1
Shields        | 3 5 7 |  7.2

Action                   |  1- 3 |  4- 6 |  7- 9 | 10-12 | 13-15 || total
-------------------------+-------+-------+-------+-------+-------++-------
Melee: Unarmed           |   133 |   211 |   185 |   447 |   980 ||  1956
       Punch             |       |     4 |    12 |    41 |     2 ||    59
Throw: Throwing net      |       |     3 |     4 |    14 |     3 ||    24
       Dart              |       |     7 |    34 |    27 |       ||    68
       Javelin           |       |       |     6 |     2 |       ||     8
       Boomerang         |       |       |     1 |     6 |       ||     7
Invok: Major Destruction |       |       |       |     1 |       ||     1
Evoke: Wand              |       |       |     7 |     5 |     7 ||    19
       Condenser vane    |       |       |       |       |     2 ||     2
  Use: Scroll            |       |     4 |     1 |    14 |    16 ||    35
       Potion            |       |     1 |       |     2 |       ||     3
 Stab: Held in net/web   |       |     1 |       |     5 |     2 ||     8
       Sleeping          |       |       |       |       |     2 ||     2
Armor: Leather armour    |    27 |    47 |       |       |       ||    74
       Scale mail        |       |     2 |    28 |       |       ||    30
       Ring mail         |       |       |    70 |   214 |   450 ||   734
Dodge: Dodged            |    81 |   152 |   115 |   192 |   523 ||  1063
Block: Kite shield       |       |       |       |       |   409 ||   409
       Buckler           |       |       |       |       |    32 ||    32

Table legend: (Time is in decaauts)
 A = Elapsed time spent in this place.
 B = Non-inter-level travel time spent in this place.
 C = Inter-level travel time spent in this place.
 D = Time resting spent in this place.
 E = Time spent auto-exploring this place.
 F = Levels seen in this place.
 G = Mean time per level.
                   A        B        C        D        E       F      G
               +--------+--------+--------+--------+--------+-----+--------+
         Total |  24839 |  23673 |   1166 |   2010 |  16958 |  25 |  993.6 |
       Dungeon |  14906 |  14032 |    874 |   1205 |   9939 |  15 |  993.7 |
          Lair |   7720 |   7429 |    291 |    364 |   5932 |   6 | 1286.7 |
    Slime Pits |      1 |      1 |      0 |      0 |      0 |   1 |    1.0 |
         Sewer |    738 |    738 |      0 |     63 |    379 |   1 |  738.0 |
        Bailey |    197 |    197 |      0 |      0 |     96 |   1 |  197.0 |
      Ice Cave |   1275 |   1275 |      0 |    378 |    611 |   1 | 1275.0 |
               +--------+--------+--------+--------+--------+-----+--------+

Top non-repeatable levels by time:
  Lair:3: 1582 daAuts
     D:5: 1501 daAuts
    D:14: 1495 daAuts
  Lair:6: 1373 daAuts
  Lair:2: 1317 daAuts
   IceCv: 1275 daAuts
  Lair:4: 1231 daAuts
    D:13: 1182 daAuts
  Lair:5: 1173 daAuts
     D:7: 1170 daAuts
    D:12: 1145 daAuts
  Lair:1: 1042 daAuts
     D:8: 1026 daAuts
     D:3: 1023 daAuts
     D:6: 1014 daAuts
